[Event "Late-Titled-Tuesday-Blitz-September-05-2023"]
[Site "Chess.com"]
[Date "2023.09.05"]
[Round "10"]
[White "Jarming"]
[Black "FaustinoOro"]
[Result "0-1"]
[WhiteElo "2653"]
[BlackElo "2852"]
[TimeControl "180+1"]
[EndTime "15:53:46 PDT"]
[Termination "FaustinoOro won by resignation"]

1. c4 e5 2. g3 Nf6 3. Bg2 Nc6 4. Nc3 Bb4 5. d3 O-O 6. Bd2 Re8 7. e3 Bxc3 8. Bxc3 d5 9. cxd5 Nxd5 10. a3 Be6 11.
Ne2 Qd7 12. Rc1 Rad8 13. O-O Bh3 14. Qa4 Bxg2 15. Kxg2 Nb6 16. Qb5 a6 17. Qb3 Qxd3 18. Rfe1 h5 19. h3 Qe4+ 20. Kg1 h4 21. Rcd1 Qf3 22. a4 Rxd1 23. Qxd1 Nd5 24. Qb3 Re6 25. e4 hxg3 26. Nxg3 Nf4 0-1

[Event "Late-Titled-Tuesday-Blitz-September-05-2023"]
[Site "Chess.com"]
[Date "2023.09.05"]
[Round "10"]
[White "sergoy"]
[Black "Rutricks"]
[Result "0-1"]
[WhiteElo "2902"]
[BlackElo "2709"]
[TimeControl "180+1"]
[EndTime "15:53:47 PDT"]
[Termination "Rutricks won by resignation"]

1. d4 g6 2. c4 Bg7 3. Nc3 d6 4.
Nf3 Nd7 5. e4 e5 6. Bg5 Ngf6 7.
d5 a5 8. Bd3 h6 9. Bh4 g5 10. Bg3 Nc5 11. Bc2 Nh5 12. O-O Nf4 13.
a3 Bd7 14. b4 Na6 15. Rb1 h5 16. h4 g4 17. Nd2 Bf6 18. c5 axb4 19. axb4 dxc5 20.
bxc5 Nxc5 21. Nc4 Ng6 22. Qd2 O-O 23. Qh6 Bxh4 24. Qxh5 Kg7 25. Bxh4 Rh8 26. Bxd8 Rxh5 27. Bxc7 Rah8 28. f4 g3 29. Bxe5+ Nxe5 0-1

[Event "Late-Titled-Tuesday-Blitz-September-05-2023"]
[Site "Chess.com"]
[Date "2023.09.05"]
[Round "10"]
[White "drinbet"]
[Black "The_Straightforward_Rook"]
[Result "0-1"]
[WhiteElo "2275"]
[BlackElo "2488"]
[TimeControl "180+1"]
[EndTime "15:53:49 PDT"]
[Termination "The_Straightforward_Rook won by resignation"]

1. e4 e5 2. f4 exf4 3. Bc4 Nf6 4. Nc3 c6 5. Qf3 d5 6. exd5 Bd6 7. Nge2 O-O 8. O-O Bg4 9. Qf2 cxd5 10. Bb3 d4 11. Qxd4 Nc6 12. Qf2 g5 13. d3 Ne5 14. Kh1 Bh5 15. h3 Bc7 16. Bd2 Bb6 17. d4 Ng6 18. Rad1 Re8 19. Bc1 Ne4 20. Rd3 Nxf2+ 21. Rxf2 0-1

[Event "Late-Titled-Tuesday-Blitz-September-05-2023"]
[Site "Chess.com"]
[Date "2023.09.05"]
[Round "10"]
[White "copanchess"]
[Black "NotFischer"]
[Result "0-1"]
[WhiteElo "2178"]
[BlackElo "2288"]
[TimeControl "180+1"]
[EndTime "15:53:49 PDT"]
[Termination "NotFischer won by resignation"]

1. e4 d5 2. exd5 Qxd5 3. Nc3 Qd6 4. Nf3 Nf6 5. Nb5 Qb6 6. c4 c6 7. Nc3 Bg4 8. Be2 Nbd7 9. d4 e6 10. O-O Be7 11. h3 Bh5 12. Be3 Qxb2 13. Na4 Qa3 14.
Rb1 O-O 15. Rxb7 Rfd8 16. Nc5 Bxc5 17. dxc5 Nxc5 18. Bxc5 Qxc5 19. Qb3 Ne4 20. Qb2 Bxf3 21. Bxf3 Nd2 22. Bh5 g6 23. Qf6 Rf8 24. Bxg6 hxg6 25.
Rd1 Ne4 26. Qh4 Qh5 27. Qxh5 gxh5 28. Rdd7 Nc5 0-1

[Event "Late-Titled-Tuesday-Blitz-September-05-2023"]
[Site "Chess.com"]
[Date "2023.09.05"]
[Round "10"]
[White "ameetghasi100"]
[Black "mishanick"]
[Result "0-1"]
[WhiteElo "2687"]
[BlackElo "3054"]
[TimeControl "180+1"]
[EndTime "15:53:51 PDT"]
[Termination "mishanick won on time"]

1. Nf3 d5 2. g3 g6 3. Bg2 Bg7 4. O-O e5 5. d3 Ne7 6. Nbd2 O-O 7. e4 Nbc6 8. c3 h6 9. Re1 Re8 10. b4 d4 11. Bb2 dxc3 12. Bxc3 a6 13.
Qc2 Kh7 14. Nc4 f6 15. a4 Be6 16. b5 Nd4 17. Nxd4 exd4 18. Bd2 Qd7 19. Rab1 axb5 20.
axb5 Bh3 21. Bh1 Be6 22. Rec1 Rec8 23. h4 Rab8 24. Na5 g5 25. hxg5 fxg5 26. f4 gxf4 27. gxf4 Rg8 28. Kh2 Bf6 29. Rg1 Bg4 30. Qc4 Qe8 31.
Rg2 Qh5+ 32. Kg1 Bf3 33. Qe6 Rxg2+ 34. Bxg2 Rg8 35. Qxg8+ Kxg8 0-1

[Event "Late-Titled-Tuesday-Blitz-September-05-2023"]
[Site "Chess.com"]
[Date "2023.09.05"]
[Round "10"]
[White "szachuspl"]
[Black "Truequitos"]
[Result "1-0"]
[WhiteElo "2553"]
[BlackElo "2446"]
[TimeControl "180+1"]
[EndTime "15:53:56 PDT"]
[Termination "szachuspl won by resignation"]

1. d4 Nf6 2. c4 d6 3. Nc3 e5 4.
Nf3 e4 5. Nd2 Qe7 6. Nb3 Bf5 7.
Bg5 h6 8. Nd5 Qd8 9. Nxf6+ gxf6 10. Bf4 Nc6 11. e3 h5 12. h4 Bh6 13. Bxh6 Rxh6 14.
Be2 Qd7 15. Bxh5 O-O-O 16. Be2 Rg8 17. g3 Ne7 18. Qd2 Kb8 19. O-O-O d5 20. Nc5 Qc6 21. Kb1 Be6 22. Rc1 Qb6 23. cxd5 Nxd5 24. Bc4 Ka8 25. a3 Rhh8 26. Nxe4 Rd8 27. Nc5 Rhe8 28. Nxe6 fxe6 29. Bxd5 Rxd5 30. Qc3 c6 31. h5 Rh8 32. g4 e5 33. dxe5 Rxe5 34. Rcd1 Qc7 35. f4 Re6 36. h6 Qe7 37. Rd3 Rg8 38. Qd4 a6 39. Qd7 Rxe3 40.
Qxe7 Rxe7 41. Rg3 Rh7 42. g5 fxg5 43. fxg5 Rg6 44. Kc2 Kb8 45. Kd3 Kc7 46. Ke4 Rf7 47.
h7 1-0

[Event "Late-Titled-Tuesday-Blitz-September-05-2023"]
[Site "Chess.com"]
[Date "2023.09.05"]
[Round "10"]
[White "Bigfish1995"]
[Black "Rud_Makarian"]
[Result "1-0"]
[WhiteElo "3086"]
[BlackElo "2956"]
[TimeControl "180+1"]
[EndTime "15:53:57 PDT"]
[Termination "Bigfish1995 won by resignation"]

1. a3 a5 2. c4 e6 3. Nc3 d5 4. d4 Nf6 5. cxd5 exd5 6. Bg5 c6 7. e3 h6 8. Bh4 Be7 9. Bd3 O-O 10.
Nge2 Re8 11. O-O Nbd7 12. f3 b5 13. Rc1 Ba6 14. Bf2 Bf8 15. Ng3 Nb6 16. e4 Nc4 17. Bxc4 dxc4 18. Re1 b4 19. axb4 axb4 20. Nb1 Nd7 21.
Nf5 c5 22. Nd2 g6 23. Ng3 cxd4 24. Nxc4 Nc5 25. Bxd4 Nb3 26. Qxb3 Qxd4+ 27. Kh1 Red8 28. Ne3 Rac8 29. Rcd1 Qc5 30. Ra1 Rd2 31. Rxa6 Qxe3 32. Qxe3 1-0

[Event "Late-Titled-Tuesday-Blitz-September-05-2023"]
[Site "Chess.com"]
[Date "2023.09.05"]
[Round "10"]
[White "Jospem"]
[Black "Aygehovit1992"]
[Result "1-0"]
[WhiteElo "3031"]
[BlackElo "2725"]
[TimeControl "180+1"]
[EndTime "15:53:57 PDT"]
[Termination "Jospem won by resignation"]

1. a3 e5 2. h3 d5 3. b3 f5 4. e4 dxe4 5. d3 Nf6 6. Nc3 Bc5 7.
Qd2 exd3 8. Bxd3 e4 9. Bb5+ c6 10. Qxd8+ Kxd8 11. Bc4 b5 12. Bf1 Be6 13. Bf4 Nbd7 14.
Nge2 h6 15. h4 a5 16. f3 e3 17. Bh2 Re8 18. a4 b4 19. Na2 g5 20. hxg5 hxg5 21. Nac1 f4 22. g3 Ne5 23. Bg2 g4 24. O-O gxf3 25.
Bxf3 Bh3 26. gxf4 Rg8+ 27. Bg3 Nxf3+ 28. Rxf3 Bg4 29. Kg2 Bxf3+ 30. Kxf3 Kc7 31. Nd3 Bb6 32. f5+ Kb7 33. Nef4 Nd5 34. Ne6 Rae8 35. Rh1 Re7 36. Ne5 e2 37. Nc4 Nc3 38. Be1 Rd7 39. Bxc3 bxc3 40.
Kxe2 Rg2+ 41. Kf3 Rxc2 42. Kg3 Re2 43. Nf4 Re4 44. Kf3 Red4 45. Rc1 Rf7 46. Ne3 Bc7 47. Ne6 Rd3 48. Nc5+ Kb6 49. Nxd3 1-0

[Event "Late-Titled-Tuesday-Blitz-September-05-2023"]
[Site "Chess.com"]
[Date "2023.09.05"]
[Round "10"]
[White "cassoulet"]
[Black "SCIM"]
[Result "1-0"]
[WhiteElo "2751"]
[BlackElo "2593"]
[TimeControl "180+1"]
[EndTime "15:53:57 PDT"]
[Termination "cassoulet won by resignation"]

1. e4 c5 2. Nf3 e6 3. d4 cxd4 4. Nxd4 a6 5. Nc3 Nc6 6. Be3 Qc7 7. Bd3 Nf6 8. O-O b5 9. Nxc6 dxc6 10. f4 Bb7 11.
Qf3 Be7 12. e5 c5 13. Qg3 Nd5 14. Nxd5 Bxd5 15. f5 O-O-O 16. fxe6 Bxe6 17. a4 c4 18. Bf5 Bc5 19. axb5 axb5 20. Ra8+ Kb7 21. Be4+ Kb6 22. Ra3 Bc8 23. b4 cxb3 24. Rxb3 Bxe3+ 25. Qxe3+ Qc5 26.
Rxb5+ Kxb5 27. c4+ Kb4 28. Rb1+ 1-0

[Event "Late-Titled-Tuesday-Blitz-September-05-2023"]
[Site "Chess.com"]
[Date "2023.09.05"]
[Round "10"]
[White "infinitegiantkiller"]
[Black "MikeSailer"]
[Result "1-0"]
[WhiteElo "2485"]
[BlackElo "2202"]
[TimeControl "180+1"]
[EndTime "15:54:00 PDT"]
[Termination "infinitegiantkiller won on time"]

1. Nf3 e6 2. g3 f5 3. Bg2 Nf6 4. O-O Be7 5. b3 O-O 6. Bb2 Nc6 7. c4 b6 8. d4 Bb7 9. Ne5 Rb8 10.
Nxc6 Bxc6 11. Bxc6 dxc6 12. Nd2 c5 13. dxc5 Bxc5 14.
Qc2 Qe8 15. Rad1 Rd8 16. e4 f4 17. Bxf6 Rxf6 18. e5 Rh6 19. Ne4 fxg3 20. hxg3 Qh5 21.
Rxd8+ Kf7 22. Kg2 Qh3+ 23. Kf3 Qxf1 24. Nxc5 bxc5 25. Qd3 Qxd3+ 26. Rxd3 Ke7 27. a3 Rh1 28. Ke4 Re1+ 29. Re3 Ra1 30. b4 cxb4 31. axb4 Rc1 32. Kd4 Rd1+ 33. Kc5 Rd2 34. f4 Kd7 35. b5 g6 36. Ra3 Rg2 37. Rxa7 Rxg3 38. b6 1-0

[Event "Late-Titled-Tuesday-Blitz-September-05-2023"]
[Site "Chess.com"]
[Date "2023.09.05"]
[Round "10"]
[White "GAO"]
[Black "laskakid"]
[Result "1-0"]
[WhiteElo "2299"]
[BlackElo "2225"]
[TimeControl "180+1"]
[EndTime "15:54:00 PDT"]
[Termination "GAO won by resignation"]

1. e4 e5 2. Nf3 Nc6 3. Bb5 a6 4.
Ba4 Nf6 5. O-O d6 6. c3 Bd7 7. d4 g6 8. Nbd2 Bg7 9. Re1 O-O 10. h3 exd4 11. cxd4 Nb4 12. Bxd7 Qxd7 13. Nf1 d5 14. a3 dxe4 15. Ne5 Qd6 16. axb4 Qxb4 17.
Ra4 Qb5 18. Be3 Qxb2 19. Qb1 Qxb1 20. Rxb1 b5 21. Ra5 Nd5 22. Nd2 Nxe3 23. fxe3 Bxe5 24. dxe5 c5 25. Rba1 Rfc8 26. Nxe4 Rab8 27. Nd6 Rc7 28. Rxa6 c4 29. Ra8 Rxa8 30. Rxa8+ Kg7 31. Nxb5 Rc5 32. Nd4 Rxe5 33. Kf2 Rc5 34. Ra2 c3 35. Ke2 f5 36. Kd3 Kf6 37. Rc2 Ke5 38. Rxc3 Rd5 39.
Rc8 f4 40. Re8+ Kf6 41. exf4 1-0

[Event "Late-Titled-Tuesday-Blitz-September-05-2023"]
[Site "Chess.com"]
[Date "2023.09.05"]
[Round "10"]
[White "pouya21"]
[Black "AndreiITrifan"]
[Result "1-0"]
[WhiteElo "2808"]
[BlackElo "2639"]
[TimeControl "180+1"]
[EndTime "15:54:05 PDT"]
[Termination "pouya21 won on time"]

1. e4 e5 2. Nf3 Nc6 3. Bb5 a6 4. Bxc6 dxc6 5. O-O Bg4 6. h3 h5 7. d3 Qf6 8. Be3 Bxf3 9. Qxf3 Qxf3 10. gxf3 Bd6 11. Nd2 Ne7 12. Rfb1 a5 13. a4 Ng6 14. Kf1 f6 15. Nc4 Ke7 16. c3 Rhb8 17. Ke2 Kf7 18. b4 axb4 19. cxb4 Bf8 20. b5 cxb5 21. axb5 Ne7 22.
f4 Ke6 23. f5+ Kf7 24. f4 g6 25. fxe5 gxf5 26. exf6 Kxf6 27. Bf4 fxe4 28. dxe4 Rc8 29. Rxa8 Rxa8 30. Bxc7 Ra2+ 31. Kd3 Ng6 32. Rf1+ Ke6 33.
b6 Bg7 34. Rf5 h4 35. Rg5 Kf6 36. Bd8+ Kf7 37. Nd6+ Kf8 38. Rxg6 Ra3+ 39. Kc4 Rxh3 40. Nxb7 Rc3+ 41. Kd5 h3 42. Bc7 Rd3+ 43. Kc6 1-0

[Event "Late-Titled-Tuesday-Blitz-September-05-2023"]
[Site "Chess.com"]
[Date "2023.09.05"]
[Round "10"]
[White "Tomytoteph"]
[Black "Doudou2015"]
[Result "1-0"]
[WhiteElo "2568"]
[BlackElo "2207"]
[TimeControl "180+1"]
[EndTime "15:54:05 PDT"]
[Termination "Tomytoteph won by resignation"]

1. e4 c5 2. Nf3 Nc6 3. Bb5 e5 4. O-O Qc7 5. Nc3 Nf6 6. Nd5 Nxd5 7. exd5 Nd4 8. Nxd4 cxd4 9. c3 Bc5 10. Re1 O-O 11.
c4 a6 12. Ba4 b5 13. cxb5 axb5 14. Bxb5 Qb6 15. Bd3 d6 16. a3 f5 17. Bc4 d3 18. Rf1 Bd4 19. Bxd3 e4 20. Bc4 Ba6 21.
d3 Bxc4 22. dxc4 Rfc8 23. Qe2 Qb3 24. Bf4 Rxc4 25. Bxd6 Rc2 26. Qh5 g6 27. Qh4 Re8 28.
Rad1 Bxb2 29. Bb4 Bc3 30. d6 Bxb4 31. d7 Rf8 32. axb4 e3 33. d8=Q exf2+ 34. Kh1 Rxd8 35. Qxd8+ Kg7 36. Rd7+ 1-0

[Event "Late-Titled-Tuesday-Blitz-September-05-2023"]
[Site "Chess.com"]
[Date "2023.09.05"]
[Round "10"]
[White "Leo_C"]
[Black "Marcin"]
[Result "1-0"]
[WhiteElo "2649"]
[BlackElo "2483"]
[TimeControl "180+1"]
[EndTime "15:54:08 PDT"]
[Termination "Leo_C won on time"]

1. d4 Nf6 2. Bf4 d5 3. e3 c5 4.
Nf3 Nc6 5. Nbd2 e6 6. c3 cxd4 7. exd4 Nh5 8. Bg5 f6 9. Be3 Bd6 10. Bd3 Nf4 11. Bxf4 Bxf4 12. O-O O-O 13. Re1 Qc7 14.
g3 Bd6 15. c4 Bd7 16. Rc1 Rae8 17. a3 Kh8 18. Qc2 Ne7 19. c5 Rc8 20. cxd6 Qxd6 21. Qb3 b6 22. Bb5 Bxb5 23. Qxb5 Ng6 24. Nf1 e5 25. Rxc8 Rxc8 26. dxe5 fxe5 27. Ne3 e4 28. Nd4 Rd8 29. Rc1 Ne5 30. Ndf5 Qf6 31. Rd1 Nf3+ 32. Kg2 g6 33. Nh6 d4 34. Nc4 1-0

[Event "Late-Titled-Tuesday-Blitz-September-05-2023"]
[Site "Chess.com"]
[Date "2023.09.05"]
[Round "10"]
[White "CrushingKings"]
[Black "Zhigalko_Sergei"]
[Result "0-1"]
[WhiteElo "2546"]
[BlackElo "2874"]
[TimeControl "180+1"]
[EndTime "15:54:10 PDT"]
[Termination "Zhigalko_Sergei won by resignation"]

1. Nf3 d5 2. g3 c6 3. Bg2 Bg4 4. h3 Bh5 5. O-O e6 6. d3 Bd6 7.
Qe1 Ne7 8. e4 O-O 9. Nc3 Nd7 10.
Bd2 Re8 11. d4 a5 12. Qc1 b5 13. Re1 b4 14. Na4 Nb6 15. Nxb6 Qxb6 16. c4 bxc3 17. bxc3 Rab8 18. c4 Bb4 19. exd5 cxd5 20. c5 Bxd2 21. Qxd2 Qb4 22. Qf4 Bxf3 23. Bxf3 Nc6 24. Rad1 h6 25. Qd6 Nxd4 26. Bg2 Red8 27. Qe7 Nc6 28. Qc7 Rbc8 29. Qf4 Qxf4 30. Rc1 Qf6 0-1

[Event "Late-Titled-Tuesday-Blitz-September-05-2023"]
[Site "Chess.com"]
[Date "2023.09.05"]
[Round "10"]
[White "PapaieDudu"]
[Black "Dewarfd"]
[Result "1-0"]
[WhiteElo "2301"]
[BlackElo "2197"]
[TimeControl "180+1"]
[EndTime "15:54:11 PDT"]
[Termination "PapaieDudu won on time"]

1. e4 e5 2. f4 exf4 3. Nf3 d6 4. d4 g5 5. Bc4 g4 6. O-O gxf3 7. Qxf3 Qf6 8. e5 dxe5 9. Nc3 Qb6 10. Kh1 Qxd4 11. Bb5+ c6 12. Nd5 Qb6 13. Nxb6 axb6 14. Bc4 Nf6 15.
Bxf4 exf4 16. Rfe1+ Be7 17. Qxf4 Be6 18. Bxe6 fxe6 19.
Rxe6 Kf7 20. Rae1 Re8 21. Qe5 Nbd7 22. Rxe7+ Kf8 23. Qe6 Rxe7 24. Qxe7+ Kg8 25. h3 Re8 26. Qb4 Ra8 27. Re3 c5 28. Qb3+ Kf8 29. g4 h6 30. Rf3 1-0

[Event "Late-Titled-Tuesday-Blitz-September-05-2023"]
[Site "Chess.com"]
[Date "2023.09.05"]
[Round "10"]
[White "geordie_derraugh"]
[Black "GarayevKanan"]
[Result "0-1"]
[WhiteElo "2509"]
[BlackElo "2716"]
[TimeControl "180+1"]
[EndTime "15:54:25 PDT"]
[Termination "GarayevKanan won on time"]

1. e4 c5 2. Nf3 Nf6 3. Nc3 d5 4. exd5 Nxd5 5. Bb5+ Bd7 6. Bxd7+ Qxd7 7. O-O Nc6 8. d3 g6 9. Re1 Nxc3 10. bxc3 Bg7 11. Bd2 O-O 12. Rb1 b6 13. Ng5 h6 14. Ne4 f5 15.
Ng3 e5 16. f4 Rae8 17. fxe5 Nxe5 18. Qc1 h5 19. Bh6 h4 20. Bxg7 Qxg7 21. Nf1 h3 22.
Qg5 f4 23. Nd2 Rf5 24. Qh4 hxg2 25. Kxg2 f3+ 26. Kf1 Rh5 27. Qg3 Qh8 28. Kg1 Rf8 29. Rf1 Rh3 30. Qg5 Rxh2 31. Nxf3 Rh1+ 32. Kf2 Rxf3+ 33.
Ke2 Qh2+ 0-1

[Event "Late-Titled-Tuesday-Blitz-September-05-2023"]
[Site "Chess.com"]
[Date "2023.09.05"]
[Round "10"]
[White "PepeCuenca"]
[Black "Sanan_Sjugirov"]
[Result "0-1"]
[WhiteElo "2667"]
[BlackElo "2893"]
[TimeControl "180+1"]
[EndTime "15:54:26 PDT"]
[Termination "Sanan_Sjugirov won on time"]

1. c4 Nf6 2. Nc3 e5 3. Nf3 Nc6 4. e4 h6 5. h3 Bc5 6. Nxe5 Nxe5 7. d4 Bb4 8. dxe5 Nxe4 9. Qf3 Nxc3 10. bxc3 Ba5 11.
Bf4 O-O 12. O-O-O Qe7 13. Kb2 Rb8 14. Bd3 b5 15. cxb5 Qc5 16. Rc1 Bb7 17. Qe3 Qe7 18.
Bxh6 Rfe8 19. Bf4 Bc6 20. Ka1 Bxb5 21. Bb1 Bc4 22. Rhd1 Qa3 23. Qd2 Rxb1+ 24. Kxb1 Rb8+ 25. Ka1 Bxa2 0-1

[Event "Late-Titled-Tuesday-Blitz-September-05-2023"]
[Site "Chess.com"]
[Date "2023.09.05"]
[Round "10"]
[White "Haykoooo0o"]
[Black "Aradhya2000"]
[Result "0-1"]
[WhiteElo "2492"]
[BlackElo "2709"]
[TimeControl "180+1"]
[EndTime "15:54:26 PDT"]
[Termination "Aradhya2000 won by resignation"]

1. d4 d5 2. Nf3 Nf6 3. e3 e6 4.
Bd3 c5 5. c3 Nc6 6. Nbd2 Be7 7.
Qe2 O-O 8. O-O b6 9. dxc5 Bxc5 10. e4 Bb7 11. e5 Nd7 12. b4 Be7 13. Nb3 Qc7 14. Bf4 a5 15. a3 axb4 16. axb4 Rxa1 17. Rxa1 Ra8 18. Rxa8+ Bxa8 19. h3 Bb7 20. Qe3 Nf8 21. Nbd4 Nxd4 22. Nxd4 Ng6 23. Nb5 Qc6 24.
Bxg6 hxg6 25. Nd4 Qc4 26. Bg3 Ba6 27. Kh2 Qa2 28. Nc6 Bf8 29. Qxb6 Qc4 30. Na5 Qc8 31.
b5 Bxb5 32. Qxb5 Qxc3 33. Nc6 g5 34. Qb7 Qc2 35. Nd8 Qf5 36. Qd7 g6 37. Nc6 Bc5 38.
Ne7+ Bxe7 39. Qxe7 Kg7 40. Qf6+ Qxf6 41. exf6+ Kxf6 42. f3 e5 43. Kg1 Ke6 44. Kf2 f5 45. Ke2 d4 46. Be1 Kd5 47. g4 e4 48. Bd2 d3+ 49. Ke3 f4+ 50. Kf2 e3+ 51. Bxe3 fxe3+ 52. Kxe3 Kc4 53.
Kd2 Kd4 54. f4 gxf4 55. h4 f3 56. h5 gxh5 57. gxh5 f2 58. h6 f1=Q 59. h7 Qe2+ 0-1

[Event "Late-Titled-Tuesday-Blitz-September-05-2023"]
[Site "Chess.com"]
[Date "2023.09.05"]
[Round "10"]
[White "Chessdreamer2020"]
[Black "jamengrand"]
[Result "1-0"]
[WhiteElo "2524"]
[BlackElo "2376"]
[TimeControl "180+1"]
[EndTime "15:54:27 PDT"]
[Termination "Chessdreamer2020 won by resignation"]

1. e4 e5 2. Nf3 Nc6 3. d4 exd4 4.
Bc4 Nf6 5. e5 Ne4 6. Qe2 Nc5 7.
O-O Ne6 8. Rd1 Be7 9. c3 O-O 10.
cxd4 d5 11. exd6 Bf6 12. dxc7 Qxc7 13. Bxe6 Bxe6 14. d5 Bg4 15. dxc6 Qb6 16. Nc3 bxc6 17. Be3 Qa5 18. h3 Bh5 19. g4 Bg6 20. Bd4 Rfe8 21.
Qc4 Be7 22. Ne5 c5 23. Nxg6 hxg6 24. Be3 Rab8 25. Nd5 Bf8 26. b3 Rb7 27. Rd3 Kh7 28. Qc2 Qa6 29. Rad1 Rc8 30. Bf4 c4 31. bxc4 Rxc4 32.
Qe2 Ra4 33. R3d2 Bc5 34. Qxa6 Rxa6 35. Be3 Bf8 36. Nc3 f6 37. Rb1 Bb4 38. Rdb2 Rc7 39. Nd5 1-0

[Event "Late-Titled-Tuesday-Blitz-September-05-2023"]
[Site "Chess.com"]
[Date "2023.09.05"]
[Round "10"]
[White "DTChess"]
[Black "TheMagician"]
[Result "1-0"]
[WhiteElo "2467"]
[BlackElo "2111"]
[TimeControl "180+1"]
[EndTime "15:54:32 PDT"]
[Termination "DTChess won by resignation"]

1. e4 e5 2. Nf3 Nc6 3. Bb5 Nge7 4. O-O Ng6 5. Re1 Bc5 6. c3 Bb6 7. d4 d6 8. h3 O-O 9. Be3 h6 10. Nbd2 Bd7 11. Ba4 Qe7 12. Bc2 Qf6 13. Nc4 Rad8 14. Nxb6 axb6 15. Qd2 Nf4 16. Bxf4 exf4 17. Kh2 g5 18. e5 dxe5 19. Qd3 Qg7 20. Nxe5 Nxe5 21. Rxe5 Bc6 22. Rae1 b5 23. Bb3 g4 24. hxg4 Qxg4 25. f3 Qh4+ 26. Kg1 Rfe8 27. Qg6+ Kh8 28. Bxf7 Qxe1+ 29. Rxe1 Rxe1+ 30. Kf2 1-0

[Event "Late-Titled-Tuesday-Blitz-September-05-2023"]
[Site "Chess.com"]
[Date "2023.09.05"]
[Round "10"]
[White "farzadbfd"]
[Black "Grossboss19"]
[Result "1-0"]
[WhiteElo "2684"]
[BlackElo "2502"]
[TimeControl "180+1"]
[EndTime "15:54:35 PDT"]
[Termination "farzadbfd won by resignation"]

1. d4 Nf6 2. Nf3 b6 3. c4 Bb7 4. Nc3 e6 5. Bg5 Be7 6. e3 O-O 7. Bd3 h6 8. h4 d5 9. Qc2 Nfd7 10. cxd5 exd5 11. O-O-O c5 12. g4 c4 13. Bh7+ Kh8 14.
Bf5 Na6 15. Bxd7 Qxd7 16. Ne5 Qd6 17. Bxe7 Qxe7 18. g5 h5 19. g6 Qe6 20. Rdg1 fxg6 21. Nxg6+ Kg8 22. Nxf8 Rxf8 23. Rg6 Qf5 24. Qxf5 Rxf5 25.
f4 Nb4 26. Rhg1 Nd3+ 27. Kc2 Rf7 28. Re6 Kf8 29. Rg5 Ne1+ 30. Kd1 Nf3 31. Rxh5 g6 32. Rxg6 Bc8 33. Rh8+ Ke7 34. Rxc8 1-0

[Event "Late-Titled-Tuesday-Blitz-September-05-2023"]
[Site "Chess.com"]
[Date "2023.09.05"]
[Round "10"]
[White "Maluco_do_Natal_00"]
[Black "in_shambles"]
[Result "0-1"]
[WhiteElo "1973"]
[BlackElo "2113"]
[TimeControl "180+1"]
[EndTime "15:54:36 PDT"]
[Termination "in_shambles won by resignation"]

1. e4 c5 2. Nf3 e6 3. d4 cxd4 4.
Nxd4 a6 5. c4 Qc7 6. Bd3 Nf6 7.
O-O Nc6 8. Be3 Be7 9. Nc3 h5 10. f4 Ng4 11. Qf3 Nxe3 12. Qxe3 Nxd4 13. Kh1 Nc6 14. f5 Bf6 15. fxe6 dxe6 16. Rae1 Ne5 17. Qg3 Qc5 18. Bc2 Bd7 19. Na4 Qb4 20. a3 Qa5 21. b4 Qc7 22. Nc5 Bc6 23. Ba4 O-O 24.
Rxf6 Bxa4 25. Nxa4 h4 26. Qg5 Qe7 27. Qxe5 Qxf6 28.
Nb6 Qxe5 0-1

[Event "Late-Titled-Tuesday-Blitz-September-05-2023"]
[Site "Chess.com"]
[Date "2023.09.05"]
[Round "10"]
[White "GianmarcoVaR"]
[Black "ckgchess"]
[Result "0-1"]
[WhiteElo "2623"]
[BlackElo "2839"]
[TimeControl "180+1"]
[EndTime "15:54:37 PDT"]
[Termination "ckgchess won on time"]

1. e4 e5 2. Nf3 Nf6 3. d4 d5 4. dxe5 Nxe4 5. Nbd2 Nc5 6. Nb3 c6 7. Be3 Nba6 8. c3 Be7 9. Nbd4 O-O 10. Qc2 Nc7 11.
Nf5 Ne4 12. Nxe7+ Qxe7 13. Bd3 Bf5 14. Nd4 Bg6 15. h4 c5 16. h5 cxd4 17. Bxd4 Bf5 18. f3 Ne6 19. fxe4 dxe4 20. Be2 Nxd4 21. cxd4 Rac8 22. Qd2 Rfd8 23. O-O g6 24. Rad1 Qh4 25. Qe3 Rc2 26. Rf4 Rxe2 27. Qxe2 Qxf4 28. Rf1 Qg4 29. Qe3 Qxh5 30. Rc1 Qg4 31. Qc3 e3 0-1

[Event "Late-Titled-Tuesday-Blitz-September-05-2023"]
[Site "Chess.com"]
[Date "2023.09.05"]
[Round "10"]
[White "Nikachu"]
[Black "PNEPaul"]
[Result "1-0"]
[WhiteElo "2174"]
[BlackElo "1903"]
[TimeControl "180+1"]
[EndTime "15:54:39 PDT"]
[Termination "Nikachu won on time"]

1. e4 e5 2. Nf3 Nc6 3. Bb5 f5 4.
d3 Nf6 5. Nc3 Be7 6. O-O O-O 7.
Re1 d6 8. Bxc6 bxc6 9. d4 fxe4 10. Nxe4 d5 11. Nxf6+ Bxf6 12. Nxe5 Bxe5 13. Rxe5 Qf6 14.
Qe2 Bf5 15. c3 Qg6 16. Qe3 Rae8 17. Bd2 Rxe5 18. dxe5 Re8 19. Re1 a6 20. c4 dxc4 21. Bc3 Re6 22. Qd4 h6 23. Re3 Bd3 24. Rg3 Qe4 25.
Qxe4 Bxe4 26. Kf1 Bd3+ 27. Ke1 Kf7 28. Re3 g5 29. g3 Kg6 30. Rf3 Be4 31. Rf8 c5 32.
Ke2 Bd3+ 33. Ke3 h5 34. f4 gxf4+ 35. gxf4 Rc6 36. Rg8+ Kh6 37. h4 Bh7 38. Rg5 1-0

[Event "Late-Titled-Tuesday-Blitz-September-05-2023"]
[Site "Chess.com"]
[Date "2023.09.05"]
[Round "10"]
[White "IMSlavin"]
[Black "AquivaRubinstein"]
[Result "0-1"]
[WhiteElo "2187"]
[BlackElo "2484"]
[TimeControl "180+1"]
[EndTime "15:54:42 PDT"]
[Termination "AquivaRubinstein won by checkmate"]

1. e4 Nf6 2. Nc3 d5 3. e5 Nfd7 4. d4 e6 5. f4 c5 6. Nf3 Nc6 7. Be3 a6 8. Qd2 cxd4 9. Nxd4 Bc5 10. O-O-O O-O 11. Nb3 b6 12. Be2 a5 13. Bb5 Bb7 14. Kb1 Qe7 15. g4 Rfc8 16. Rhf1 Na7 17. f5 exf5 18. gxf5 Bxe3 19. Qxe3 Rxc3 20. Qxc3 Nxb5 21. Qd3 Bc6 22. f6 Qxe5 23. fxg7 a4 24. Rde1 Qh5 25. Nd4 Nc5 26. Qe3 Nxd4 27. Qxd4 Ne4 28. Rd1 a3 29. Qxb6 Rc8 30. Qa6 Qh3 31. Rg1 axb2 32. Kxb2 Qc3+ 33. Kc1 Qa1# 0-1

[Event "Late-Titled-Tuesday-Blitz-September-05-2023"]
[Site "Chess.com"]
[Date "2023.09.05"]
[Round "10"]
[White "Mariia89"]
[Black "Perdomov"]
[Result "1-0"]
[WhiteElo "1987"]
[BlackElo "2159"]
[TimeControl "180+1"]
[EndTime "15:54:45 PDT"]
[Termination "Mariia89 won on time"]

1. d4 e6 2. Nf3 c5 3. d5 exd5 4. Qxd5 Nf6 5. Qd1 d5 6. Bg5 Be7 7.
c4 d4 8. e3 O-O 9. exd4 cxd4 10.
Qxd4 Qc7 11. Be2 Nc6 12. Qd1 Bb4+ 13. Nbd2 Ne4 14. Be3 f5 15. O-O Rd8 16. Qc2 Nxd2 17. Nxd2 Bxd2 18. Bxd2 Nd4 19. Qd1 f4 20. b3 f3 21. Bd3 Bg4 22. Qb1 Ne2+ 23. Kh1 fxg2+ 24. Kxg2 Qc6+ 25. Be4 Qe6 26. Be3 Bh3+ 27. Kh1 1-0

[Event "Late-Titled-Tuesday-Blitz-September-05-2023"]
[Site "Chess.com"]
[Date "2023.09.05"]
[Round "10"]
[White "kleinebeer98"]
[Black "Fandorine"]
[Result "0-1"]
[WhiteElo "2863"]
[BlackElo "2942"]
[TimeControl "180+1"]
[EndTime "15:54:46 PDT"]
[Termination "Fandorine won on time"]

1. e4 e5 2. Bc4 Nf6 3. d3 Nc6 4. Nc3 Bb4 5. Ne2 d5 6. exd5 Nxd5 7. O-O Be6 8. Bxd5 Bxd5 9. f4 f6 10. Qe1 O-O 11. Qh4 exf4 12. Nxf4 Bf7 13. Bd2 Nd4 14.
Rac1 Qd7 15. Kh1 Rae8 16. a3 Ba5 17. b4 Bb6 18. Ne4 Bg6 19. Nxg6 hxg6 20. Qg3 Ne2 21. Qxg6 Nxc1 22. Bxc1 Qf7 23. Qg3 f5 24. Ng5 Qg6 25. Qh4 f4 26. Ne4 Be3 27. Bb2 f3 28. g3 b6 29. Qh3 Rxe4 30. dxe4 Qxe4 31. Ba1 Bg5 32.
b5 Qe2 33. a4 Rd8 0-1